 Dungeon Crawl Stone Soup version 0.29-a0-96-g93358da72b (webtiles) character file.

Game seed: 13831480044174380044

3336 enile the Fighter (level 10, 0/96 HPs)
             Began as an Ogre Fire Elementalist on Feb 12, 2022.
             Was a Priest of Hepliaklqana.
             Succumbed to a killer bee's poison
             ... on level 7 of the Dungeon.
             The game lasted 00:11:26 (9798 turns).

enile the Fighter (Ogre Fire Elementalist)          Turns: 9798, Time: 00:11:26

Health: 0/96       AC:  5    Str: 14    XL:     10   Next: 2%
Magic:  12/22      EV: 10    Int: 24    God:    Hepliaklqana [***...]
Gold:   347        SH:  0    Dex:  9    Spells: 19/25 levels left

rFire   + . .      SeeInvis .   u - +0 whip (elec)
rCold   + + .      Faith    .   (no shield)
rNeg    . . .      Spirit   .   a - +0 robe
rPois   +          Reflect  .   e - +1 hat
rElec   +          Harm     +   d - +0 cloak "Caolupt" {Harm rC+ Int+4}
rCorr   +          Rampage  .   (gloves unavailable)
Will    +....                   (boots unavailable)
Stlth   +.........              (no amulet)
HPRegen 0.26/turn               (no ring)
MPRegen 0.18/turn               (no ring)

@: mighty, lethally poisoned (0 -> -2), resistant
A: reduced essence, large, unfitting armour, tough skin 1
a: Renounce Religion, Recall Ancestor, Ancestor Identity, Transference


You were on level 7 of the Dungeon.
You worshipped Hepliaklqana.
Hepliaklqana was most pleased with you.
You visited 1 branch of the dungeon, and saw 7 of its levels.
You also visited: Sewer.

You collected 347 gold pieces.

Inventory:

Hand Weapons
 b - a +2 dagger of venom
 c - a +1 spear of pain
 u - a +0 whip of electrocution (weapon)
 v - a +8 dagger of freezing
 z - a +3 quarterstaff of chaos
Armour
 a - a +0 robe (worn)
 d - the +0 cloak "Caolupt" (worn) {Harm rC+ Int+4}
   (You acquired it on level 3 of the Dungeon)

   Int:       It affects your intelligence (+4).
   rC:        It protects you from cold.
   Harm:      It increases damage dealt and taken.
 e - a +1 hat (worn)
 A - a +0 cloak
Wands
 r - a wand of polymorph (5)
 s - a wand of flame (28)
Scrolls
 g - 5 scrolls of teleportation
 h - a scroll of noise {unknown}
 i - a scroll of enchant weapon {unknown}
 j - 2 scrolls of immolation {unknown}
 k - 2 scrolls of amnesia {unknown}
 l - a scroll of enchant armour {unknown}
 p - a scroll of vulnerability {unknown}
 q - 3 scrolls of identify
 t - a scroll of blinking {unknown}
 w - a scroll of acquirement
 x - a scroll of torment {unknown}
 y - a scroll of magic mapping {unknown}
Potions
 f - 6 potions of flight
 n - a potion of might
 o - 2 potions of mutation
 B - a potion of cancellation {unknown}
 C - a potion of experience {unknown}
 D - a potion of degeneration {unknown}


   Skills:
 - Level 9.0 Fighting
 - Level 2.0 Polearms
 - Level 4.0 Dodging
 - Level 1.4 Stealth
 - Level 8.0 Spellcasting
 - Level 2.0 Conjurations
 - Level 6.0 Fire Magic
 - Level 4.0 Invocations
 + Level 3.5 Evocations


You had 19 spell levels left.
You knew the following spells:

 Your Spells              Type           Power      Damage    Failure   Level
a - Foxfire               Conj/Fire      100%       2x1d9     1%          1
b - Scorch                Fire           76%        2d9       1%          2
c - Inner Flame           Hex/Fire       24%        N/A       5%          3

Your spell library contained the following spells:

 Spells                   Type           Power      Damage    Failure   Level
 Magic Dart               Conj           76%        1d6       2%          1
 Conjure Flame            Conj/Fire      28%        6-21      3%          3
 Call Imp                 Summ           9%         N/A       10%         2
 Flame Wave               Conj/Fire      28%        2d8       12%         4
 Mephitic Cloud           Conj/Pois/Air  12%        N/A       16%         3
 Fireball                 Conj/Fire      14%        3d8       34%         5
 Iskenderun's Battlesphe  Conj           19%        2d7       61%         5
 Conjure Ball Lightning   Conj/Air       7%         3x3d6     100%        6
 Orb of Destruction       Conj           9%         9d6       100%        7


Dungeon Overview and Level Annotations

Branches:
Dungeon (8/15)             Temple (0/1) D:4           Sewer (visited)
   Lair: D:8-11

Altars:
Hepliaklqana
Xom

Shops:
D:7 *


Innate Abilities, Weirdness & Mutations

Your life essence is reduced to manifest your ancestor. (-10% HP)
You are too large for most types of armour.
You have tough skin. (AC +1)


Message History

The killer bee is heavily wounded.
The killer bee stings you.
The hornet stings Publia.
The orc wizard closely misses you.
The hornet stings Publia.
The killer bee stings you.
You are poisoned.
The killer bee poisons you!
Casting: Inner Flame (dangerous; 5% risk of failure)
Confirm with . or Enter, or press ? or * to list all spells.
Flames lash the orc wizard.
You kill the orc wizard!
You feel very sick. The killer bee closely misses you.
Publia hits the killer bee with a +0 flail!
The killer bee explodes!
Publia avoids your attack. The fiery explosion engulfs you!!
* * * LOW HITPOINT WARNING * * *
The fiery explosion engulfs the hornet!
You kill the hornet!
A howler monkey comes into view.
You hear a loud, deep croak!
Your Evocations skill increases to level 3!
You have reached level 10!
Publia remembers more of his old skill.
You are engulfed in blazing flames.
* * * LOW HITPOINT WARNING * * *
x2 You feel sick.
Publia completely misses you.
You climb upwards.
* * * LOW HITPOINT WARNING * * *
You feel sick.
There is a stone staircase leading down here.
Publia is recalled.
* * * LOW HITPOINT WARNING * * *
You feel sick.
It was a potion of might.
You feel very mighty all of a sudden.
* * * LOW HITPOINT WARNING * * *
You feel sick.
It was a potion of resistance.
You feel protected.
You die...

....# #....# #............#
....###....# #............#
......+....# #...[........#
...####....### #....).......#
.........#...######...)........#
....####.#.#.........).........#
.#..# #.#...#[................#
.∩..####...............#########
........).[....R@......#
###..####.#.#..........# ##.#
#.#.#..........# #.##
#.#.#..........# #..#
#.#.#..........# # ##.#
#.#.#......###### #####.#
#.#.#.#'#.......#
....#.###.....#.#.#####.#
....#..##.#.#.....<####.#


You could see the friendly Publia the knight.

Vanquished Creatures
  A hornet (D:8)
  Sigmund (D:6)
  A wyvern (D:7)
  Menkaure (D:6)
  A sky beast (D:6)
  4 ogres
  A lemure (D:4)
  2 scorpions (D:4)
  2 killer bees (D:8)
  A bullfrog zombie (D:6)
  A centaur zombie (D:7)
  A jelly (D:6)
  2 hounds
  6 orc priests
  Crazy Yiuf (D:6)
  7 orc wizards
  A killer bee zombie (D:3)
  5 adders
  3 river rats
  A shadow imp (D:7)
  2 white imps (D:7)
  5 worms
  3 dart slugs
  14 orcs
  17 ball pythons
  9 bats
  10 endoplasms
  4 giant cockroaches
  10 goblins
  7 hobgoblins
  5 jackals (Sewer)
  4 kobolds
  2 quokkas
  6 frilled lizards
  6 rats
147 creatures vanquished.

Vanquished Creatures (collateral kills)
  Pikel (D:4)
  Duvessa (D:4)
  A sky beast (D:7)
  2 centaurs
  A bullfrog (D:3)
  A killer bee (D:8)
  Dowan (D:4)
  A jelly (D:6)
  2 orc priests
  A bullfrog skeleton (D:6)
  5 orc wizards
  A killer bee zombie (D:7)
  A howler monkey zombie (D:6)
  An adder (D:3)
  2 river rats (Sewer)
  2 shadow imps
  2 worms (D:4)
  5 orcs
  A bat (D:2)
  A giant cockroach (D:3)
  A hobgoblin (D:4)
  A ball python (D:3)
  A kobold (D:3)
36 creatures vanquished.

Vanquished Creatures (others)
  A knight (D:4)
  An ancestor (D:3)
  616 foxfires
618 creatures vanquished.

Grand Total: 801 creatures vanquished

Notes
Turn   | Place    | Note
-------+----------+-------------------------------------------
     0 | D:1      | enile the Ogre Fire Elementalist began the quest for the
                  | Orb.
     0 | D:1      | Reached XP level 1. HP: 16/16 MP: 3/3
    34 | D:1      | Reached skill level 1 in Fighting
    85 | D:1      | Reached skill level 2 in Fighting
    85 | D:1      | Reached XP level 2. HP: 28/28 MP: 0/5
   717 | D:1      | Reached skill level 3 in Fighting
   801 | D:1      | Reached XP level 3. HP: 13/37 MP: 1/6
  1790 | D:2      | Reached skill level 4 in Fighting
  1885 | D:2      | Found a faded altar of an unknown god.
  1903 | D:2      | Prayed at the altar of an unknown god.
  1903 | D:2      | Became a worshipper of Hepliaklqana the Forgotten
  1903 | D:2      | Reached * piety under Hepliaklqana
  2604 | D:2      | Found a shimmering altar of Xom.
  3036 | D:2      | Reached XP level 4. HP: 43/43 MP: 3/8
  3285 | D:3      | Noticed a bullfrog
  3297 | D:3      | Killed a bullfrog
  3298 | D:3      | Reached XP level 5. HP: 23/49 MP: 8/11
  3321 | D:3      | Identified a scroll of acquirement
  3322 | D:3      | Acquired the +0 cloak "Caolupt" {Harm rC+ Int+4}
  3336 | D:3      | Learned a level 2 spell: Scorch
  3371 | D:3      | Reached skill level 5 in Fighting
  3693 | D:3      | Found a glowing drain.
  3697 | Sewer    | Entered a sewer
  4139 | Sewer    | Reached skill level 5 in Spellcasting
  4253 | Sewer    | Reached skill level 1 in Invocations
  4253 | Sewer    | Reached XP level 6. HP: 6/59 MP: 3/13
  5520 | D:3      | Reached ** piety under Hepliaklqana
  5521 | D:3      | Remembered your ancestor Publia as a knight
  5896 | D:4      | Found a staircase to the Ecumenical Temple.
  6274 | D:4      | Noticed Duvessa
  6280 | D:4      | Noticed Dowan
  6292 | D:4      | Killed Duvessa
  6293 | D:4      | Reached skill level 6 in Fighting
  6293 | D:4      | Reached skill level 1 in Polearms
  6293 | D:4      | Reached XP level 7. HP: 54/67 MP: 12/14
  6306 | D:4      | Killed Dowan
  6398 | D:4      | Noticed Pikel
  6851 | D:4      | Killed Pikel
  6852 | D:4      | Reached skill level 7 in Fighting
  6852 | D:4      | Reached skill level 5 in Fire Magic
  6852 | D:4      | Reached XP level 8. HP: 61/78 MP: 5/15
  7189 | D:4      | You fall into a shaft and drop 2 floors!
  7189 | D:6      | Noticed Menkaure
  7195 | D:6      | Killed Menkaure
  7244 | D:6      | Learned a level 3 spell: Inner Flame
  7704 | D:6      | Noticed Sigmund
  7716 | D:6      | Killed Sigmund
  7717 | D:6      | Reached XP level 9. HP: 83/83 MP: 11/19
  7775 | D:6      | Reached *** piety under Hepliaklqana
  7825 | D:6      | Reached skill level 8 in Fighting
  8105 | D:6      | Found a runed translucent door.
  8112 | D:6      | Noticed Crazy Yiuf
  8513 | D:6      | Killed Crazy Yiuf
  9122 | D:7      | Found Ahaz's Lightly-Used Armoury.
  9439 | D:7      | Reached skill level 9 in Fighting
  9490 | D:7      | Reached skill level 1 in Evocations
  9778 | D:8      | Noticed a hornet
  9793 | D:8      | Killed a hornet
  9794 | D:8      | Reached XP level 10. HP: 18/96 MP: 13/22
  9794 | D:8      | HP: 4/96 [poisoned by a killer bee]
  9797 | D:7      | HP: 1/96 [poisoned by a killer bee]
  9798 | D:7      | Succumbed to a killer bee's poison

Illustrated notes

Levels and vault maps discovered:
D:1:      saegor_arrival_fortress, layout_basic
D:2:      layout_basic, hellmonk_ecumenical_altar_heavens_door, basic_altar,
          kennysheep_generic_room_12
D:3:      layout_basic, gup_sewer_entry_spiral, skrybe_limestone_x
D:4:      layout_basic, minmay_temple_entry_trees, uniq_duvessa, uniq_pikel
D:6:      layout_cave_pools, uniq_crazy_yiuf_cottage, uniq_sigmund,
          uniq_menkaure
D:7:      layout_basic, minmay_shop_damaged
D:8:      kennysheep_kobold_camp, layout_loops_ring,
          mainiacjoe_overflow_brackets

Skill      XL: |  1  2  3  4  5  6  7  8  9 |
---------------+----------------------------+-----
Fighting       | 2 3 4 5 6 7 9 |  9.0
Spellcasting   | 3 4 5 7 8 |  8.0
Invocations    | 1 3 4 |  4.0
Polearms       | 1 2 |  2.0
Fire Magic     | 5 6 |  6.0
Dodging        | 2 3 4 |  4.0
Conjurations   | 2 |  2.0
Evocations     | 3 |  3.5
Stealth        | |  1.4

Action                   |  1- 3 |  4- 6 |  7- 9 | 10-12 || total
-------------------------+-------+-------+-------+-------++-------
Melee: Spear             |    17 |    28 |    13 |       ||    58
       Dagger            |     2 |       |       |       ||     2
       Whip              |       |       |    22 |       ||    22
 Cast: Foxfire           |   126 |    99 |   156 |       ||   381
       Scorch            |       |    21 |    27 |       ||    48
       Inner Flame       |       |       |     1 |       ||     1
Invok: Recall Ancestor   |       |     1 |     1 |     1 ||     3
       Ancestor Identity |       |     1 |       |       ||     1
       Ancestor Life: Kn |       |     1 |       |       ||     1
  Use: Scroll            |       |     3 |     1 |       ||     4
       Potion            |       |     1 |       |     2 ||     3
Armor: Robe              |     6 |    24 |    40 |       ||    70
Dodge: Dodged            |    16 |    33 |    51 |     1 ||   101

Table legend: (Time is in decaauts)
 A = Elapsed time spent in this place.
 B = Non-inter-level travel time spent in this place.
 C = Inter-level travel time spent in this place.
 D = Time resting spent in this place.
 E = Time spent auto-exploring this place.
 F = Levels seen in this place.
 G = Mean time per level.
                   A        B        C        D        E       F      G
               +--------+--------+--------+--------+--------+-----+--------+
         Total |  10001 |   9764 |    237 |    411 |   7601 |   8 | 1250.1 |
       Dungeon |   8375 |   8138 |    237 |     41 |   6553 |   7 | 1196.4 |
         Sewer |   1625 |   1625 |      0 |    370 |   1047 |   1 | 1625.0 |
               +--------+--------+--------+--------+--------+-----+--------+

Top non-repeatable levels by time:
     D:2: 1810 daAuts
   Sewer: 1625 daAuts
     D:1: 1468 daAuts
     D:6: 1439 daAuts
     D:4: 1291 daAuts
     D:3: 1208 daAuts
     D:7: 1141 daAuts
     D:8: 17 daAuts
